 Dungeon Crawl Stone Soup version 0.22.1-2-g9c5b331383 (webtiles) character file.

99 Marnok the Poker (level 4, -7/41 HPs)
             Began as a Hill Orc Chaos Knight on Nov 21, 2018.
             Mangled by Sigmund
             ... wielding a +0 scythe
              (13 damage)
             ... on level 2 of the Dungeon.
             The game lasted 00:06:59 (893 turns).

Marnok the Poker (Hill Orc Chaos Knight)             Turns: 893, Time: 00:07:00

Health: -7/41      AC:  4    Str: 15    XL:     4   Next: 72%
Magic:  4/4        EV: 11    Int: 12    God:    Xom [......]
Gold:   38         SH:  0    Dex: 10    Spells: 3/3 levels left

rFire    + . .     SeeInvis .   a - +0 spear (chaos)
rCold    . . .     Gourm    .   (no shield)
rNeg     . . .     Faith    .   r - +1 leather armour {rF+}
rPois    .         Spirit   .   (no helmet)
rElec    .         Reflect  .   (no cloak)
rCorr    .         Harm     .   (no gloves)
MR       .....                  (no boots)
Stlth    +.........             (no amulet)
HPRegen  0.13/turn              (no ring)
MPRegen  0.09/turn              (no ring)

@: no status effects
A: no striking features
a: Renounce Religion


You were on level 2 of the Dungeon.
You worshipped Xom.
You were a very special plaything of Xom.
You were not hungry.

You visited 1 branch of the dungeon, and saw 2 of its levels.

You collected 38 gold pieces.

Inventory:

Hand Weapons
 a - a +0 spear of chaos (weapon)
 d - a +0 short sword
 f - a +0 dagger
 k - a +0 hunting sling
Missiles
 n - 41 arrows
 o - 7 tomahawks (quivered)
Armour
 b - a +2 leather armour
 g - a +0 leather armour
 r - a +1 leather armour of fire resistance (worn)
Scrolls
 e - a scroll of teleportation {unknown}
 i - a scroll of magic mapping {unknown}
 j - a scroll of enchant armour {unknown}
 q - a scroll of remove curse {unknown}
 s - a scroll of identify {unknown}
Potions
 h - a potion of degeneration {unknown}
 l - a potion of curing {unknown}
 m - a potion of brilliance {unknown}
Comestibles
 c - 3 rations
 p - a chunk of flesh


   Skills:
 + Level 4.5 Fighting
 + Level 4.9 Polearms
 + Level 2.5 Armour
 + Level 1.1 Dodging


You had 3 spell levels left.
You didn't know any spells.
Your spell library was empty.

Dungeon Overview and Level Annotations

Branches:
Dungeon (2/15)

Altars:
Elyvilon

Annotations:
D:2 Natasha, Sigmund


Message History

The hobgoblin hits you but does no damage.
You closely miss the hobgoblin.
Sigmund hits you from afar with a scythe.
Natasha casts a spell.
You closely miss the hobgoblin. The hobgoblin hits you with a club.
Sigmund hits you from afar with a scythe.
You closely miss the hobgoblin. The hobgoblin hits you with a club.
You closely miss the hobgoblin.
Sigmund hits you from afar with a scythe!
The hobgoblin closely misses you.
You barely miss the hobgoblin.
You hear Xom's maniacal laughter.
You are caught in a localised field of spatial distortion.
* * * LOW HITPOINT WARNING * * *
You hit the hobgoblin but do no damage.
The hobgoblin is showered with tiny particles of grit.
The hobgoblin hits you but does no damage.
Sigmund hits you from afar with a scythe!
You die...
Xom bursts into laughter!

#....................#
#....................#
#....................
#................#'#+####
#............#...........
#............#..5........
..###....##+##.h5@...>...
..# #....##.####g#+#.####
..# #..(.##.....@# # ..#
#....######### ..#
#........... ..#
####.####### ..# #.# ..#
#.# ..# ###'#### ..#
#......# ..# #......#


You could see Sigmund, Natasha, a crimson imp, a white imp and a hobgoblin.

Vanquished Creatures
  A jelly (shapeshifter) (D:1)
  4 gnolls (D:2)
  4 dart slugs
  A leopard gecko (D:1)
  2 goblins (D:1)
  5 hobgoblins
  3 kobolds (D:1)
  2 bats
  2 frilled lizards (D:1)
  3 rats
27 creatures vanquished.

Notes
Turn   | Place    | Note
-------+----------+-------------------------------------------
     0 | D:1      | Marnok the Hill Orc Chaos Knight began the quest for the
                  | Orb.
     0 | D:1      | Reached XP level 1. HP: 19/19 MP: 1/1
   114 | D:1      | Reached XP level 2. HP: 21/27 MP: 2/2
   220 | D:1      | XOM: smoke on damage
   318 | D:2      | XOM: potion effect (agility)
   323 | D:2      | Reached XP level 3. HP: 26/33 MP: 3/3
   325 | D:2      | Reached skill level 1 in Dodging
   417 | D:1      | Reached XP level 4. HP: 39/41 MP: 4/4
   494 | D:1      | XOM: harmless Pois miscast
   513 | D:1      | XOM: silly message
   553 | D:1      | XOM: polymorph rat -> river rat
   763 | D:2      | Found a white marble altar of Elyvilon.
   875 | D:2      | Noticed Natasha
   876 | D:2      | Noticed Sigmund
   892 | D:2      | XOM: mild Tloc miscast
   893 | D:2      | Mangled by Sigmund

Skill      XL: |  1  2  3 |
---------------+----------+-----
Fighting       | 4 |  4.5
Polearms       | 4 |  4.9
Dodging        | 1 |  1.1
Armour         | |  2.5

Action                   |  1- 3 |  4- 6 || total
-------------------------+-------+-------++-------
Melee: Spear             |    62 |    35 ||    97
Armor: Leather armour    |    15 |     7 ||    22
Dodge: Dodged            |    25 |    17 ||    42
